 Dungeon Crawl Stone Soup version 0.31.0-11-ge490571c62 (webtiles) character file.

Game seed: 11737944824340630989

219 Killerpretzel the Changeling (level 5, -1/35 HPs)
             Began as an Octopode Shapeshifter on Feb 9, 2024.
             Killed by divine providence
             ... invoked by an orc priest
              (10 damage)
             ... on level 4 of the Dungeon.
             The game lasted 00:09:56 (2793 turns).

Killerpretzel the Changeling (OpSh)                 Turns: 2793, Time: 00:09:57

Health: -1/35      AC:  1    Str: 13    XL:     5   Next: 96%
Magic:  1/1        EV: 14    Int:  8    God:
Gold:   121        SH:  0    Dex: 14    Spells: 4/4 levels left

rFire   . . .        i - +3 spear of the Lettuce {antimagic, rPois rN+ Will++ Int-4}
rCold   . . .        (no shield)
rNeg    + . .        (helmet currently unavailable)
rPois   +            d - amulet of regeneration
rElec   .            (no ring)
rCorr   .            (no ring)
SInv    .            (no ring)
Will    ++...        (no ring)
Stlth   ++           (no ring)
HPRegen 1.05/turn    (no ring)
MPRegen 0.07/turn    (no ring)
                     (no ring)

%: no passive effects
@: beast-form
A: beast (slay +2), almost no armour, amphibious, 8 rings, camouflage 1,
gelatinous body 1, (nimble swimmer 1), tentacles
a: Begin Untransformation


You were on level 4 of the Dungeon.
You were a hulking beast.
You visited 1 branch of the dungeon, and saw 4 of its levels.

You collected 121 gold pieces.

Inventory:

Hand Weapons
 i - the +3 spear of the Lettuce (weapon) {antimagic, rPois rN+ Will++ Int-4}
   (You found it on level 2 of the Dungeon)

   Int-4:     It affects your intelligence (-4).
   rPois:     It protects you from poison rN+: It protects you from negative
   energy.
   Will++:    It greatly increases your willpower.
Missiles
 n - a throwing net (quivered)
Jewellery
 d - an amulet of regeneration (around mantle)
Talismans
 b - a beast talisman
 c - a flux talisman
Wands
 o - a wand of polymorph (10)
Scrolls
 f - 2 scrolls of teleportation
 g - a scroll of identify
 k - a scroll of vulnerability
 m - a scroll of immolation {unknown}
 p - a scroll of enchant armour {unknown}
Potions
 a - 2 potions of lignification
 e - a potion of curing
 j - a potion of haste
 l - a potion of enlightenment


   Skills:
 + Level 2.5 Fighting
 + Level 3.1 Dodging
 + Level 3.9 Unarmed Combat
 * Level 4.4 Shapeshifting


You had 4 spell levels left.
You didn't know any spells.
Your spell library contained the following spells:

 Spells                   Type           Power      Damage    Failure   Level
 Ozocubu's Armour         Ice            0%         N/A       78%         3
 Metabolic Englaciation   Hex/Ice        0%         N/A       100%        5
 Sculpt Simulacrum        Ice/Alch       0%         N/A       100%        6


Dungeon Overview and Level Annotations

Branches:
Dungeon (4/15)
 Temple: D:4-7

Altars:
Gozag
Hepliaklqana
Okawaru
Xom
Zin

Shops:
D:3 =   D:4 *

Annotations:
D:3 Terence
D:4 Ijyb


Innate Abilities, Weirdness & Mutations

You are a hulking beast.
Your limbs bulge with bestial killing power. (Slay +2)
You cannot wear most types of armour.
You are amphibious.
You can wear up to eight rings at the same time.
Your skin changes colour to match your surroundings (Stealth+).
Your rubbery body absorbs attacks. (AC +1, EV +1)
((You are camouflaged when in or above water. (Stealth+)))
You have tentacles for arms and can constrict up to eight enemies at once.


Message History

You hit the orc wizard but do no damage.
The orc wizard is heavily wounded.
There are monsters nearby!
You hit the orc wizard but do no damage.
Your grab misses the orc wizard.
You squeeze the orc wizard, but do no damage.
The orc wizard is heavily wounded.
A ball python comes into view.
The orc wizard hits you with a +0 dagger.
There are monsters nearby!
The ball python hisses angrily.
You puncture the orc wizard!
The orc wizard's magic leaks into the air.
Your grab misses the orc wizard.
The orc wizard is almost dead.
The orc hits you from afar with a +2 trident of protection.
The orc wizard hits you with a +0 dagger.
There are monsters nearby!
You closely miss the orc wizard. Your grab misses the orc wizard.
The orc wizard is almost dead.
The orc barely misses you.
The orc wizard falters for a moment.
There are monsters nearby!
You barely miss the orc wizard. Your grab misses the orc wizard.
You squeeze the orc wizard, but do no damage.
The orc wizard is almost dead.
The orc closely misses you.
The orc wizard falters for a moment.
There are monsters nearby!
The orc wizard gestures at you while chanting.
The magic dart hits you!
The orc wizard points at you and mumbles some strange words.
The puff of flame hits you! The orc wizard casts a spell at you.
The magic dart hits you!
* * * LOW HITPOINT WARNING * * *
You are too injured to fight recklessly!
There are monsters nearby!
You feel better.
The orc priest invokes the aid of Beogh against you.
Beogh smites you!
You die...

## # #. #.
#.. #..###
#.So.#
.ooo..#o#####
##### #..h..#
#####.# #.#
#.# #.# #.#
#.# #.# #.#


You could see an orc priest, an orc wizard (magic disrupted) and a ball python.

Vanquished Creatures
  Jessica (D:2)
  Robin (D:4)
  4 gnolls (D:3)
  3 adders (D:2)
  2 dart slugs
  8 orcs
  8 endoplasms
  8 giant cockroaches
  16 goblins
  6 hobgoblins
  6 jackals (D:1)
  5 kobolds
  6 quokkas
  6 ball pythons
  6 bats
  8 frilled lizards
  3 rats
97 creatures vanquished.

Notes
Turn   | Place    | Note
-------+----------+-------------------------------------------
     0 | D:1      | Killerpretzel the Octopode Shapeshifter began the quest for
                  | the Orb.
     0 | D:1      | Reached XP level 1. HP: 13/13 MP: 1/1
   176 | D:1      | Reached XP level 2. HP: 9/18 MP: 2/2
   506 | D:1      | Reached XP level 3. HP: 23/23 MP: 3/3
  1150 | D:2      | Reached XP level 4. HP: 29/29 MP: 4/4
  1160 | D:2      | Noticed Jessica
  1166 | D:2      | Killed Jessica
  1254 | D:2      | Identified the +3 spear of the Lettuce {antimagic, rPois
                  | rN+ Will++ Int-4}
  1891 | D:3      | Reached skill level 4 in Shapeshifting
  1891 | D:3      | Reached XP level 5. HP: 29/34 MP: 1/5
  2029 | D:3      | Found Zootra's Jewellery Shoppe.
  2034 | D:3      | Noticed Terence
  2183 | D:3      | Found a hazy altar of Hepliaklqana.
  2391 | D:3      | Found an iron altar of Okawaru.
  2391 | D:3      | Found a shimmering altar of Xom.
  2391 | D:3      | Found a glowing silver altar of Zin.
  2445 | D:4      | Noticed Ijyb
  2511 | D:4      | Found Gozag's Platinum Reserve.
  2517 | D:4      | Found an opulent altar of Gozag.
  2517 | D:4      | Noticed Robin
  2685 | D:4      | Killed Robin
  2793 | D:4      | Killed from afar by an orc priest

Illustrated notes

Levels and vault maps discovered:
D:1:      dpeg_arrival_lava_temple_mockup, layout_loops_ring,
          minmay_misc_feat_enclosed, st_stairs_3, minmay_pentomino_z2
D:2:      layout_basic, uniq_jessica
D:3:      layout_rooms, nicolae_overflow_hidden_temple,
          gammafunk_temple_overflow_forgotten, serial_shops, shop, uniq_terence
D:4:      layout_basic, nicolae_gozag_zags_fifth_avenue,
          minmay_temple_entry_junction_2, uniq_robin, uniq_ijyb

Skill      XL: |  1  2  3  4  5 |
---------------+----------------+-----
Fighting       | 2 |  2.5
Shapeshifting  | 4 |  4.4
Dodging        | 3 |  3.1
Unarmed Combat | |  3.9

Action                     |  1- 3 |  4- 6 || total
---------------------------+-------+-------++-------
  Melee: Unarmed           |    42 |       ||    42
         Constrict         |    18 |    18 ||    36
         Tentacles         |    15 |    15 ||    30
         Dagger            |    17 |     8 ||    25
         Punch             |     2 |     2 ||     4
         Spear             |       |   128 ||   128
    Use: Scroll            |     3 |     2 ||     5
         Potion            |       |     1 ||     1
   Stab: Sleeping          |     5 |     9 ||    14
 Armour: Skin              |    17 |    46 ||    63
  Dodge: Dodged            |    31 |    53 ||    84
